Map: Ultralove

Players

ManlyManMeat - Winner!

  • Race: Zerg Zerg
  • League: Diamond
  • Spawn Location: 1:00

Cartouche

  • Race: Protoss Protoss
  • League: Diamond
  • Spawn Location: 7:00

VOD

Have the link to the VOD?

Description

Time

  • Played on: July 10, 2025, 2:08 p.m.
  • Length: 12:59
Show
View Real Time Build Order
Export as new Build Order

ManlyManMeat Zerg - Winner!

Build Orders: Hatch First 

Get SALT Encoding   

  12  0:00  Drone  
  13  0:08  Drone  
  13  0:13  Extractor  
  13  0:15  Drone  
  15  0:21  Overlord  
  15  0:41  Drone  
  16  0:48  Hatchery  
  15  0:50  Drone  
  15  0:57  Drone  
  17  1:00  Drone  
  18  1:11  Extractor  
  17  1:17  Spawning Pool  
  16  1:22  Drone  
  16  1:23  Drone  
  18  1:37  Drone x2  
  20  2:03  Queen x2  
  20  2:04  Zergling x4  
  20  2:07  Overlord  
  26  2:13  Drone  
  26  2:14  Drone  
  28  2:34  Drone  
  28  2:35  Hatchery  
  28  2:36  Drone  
  29  2:39  Drone  
  30  2:49  Overlord  
  30  2:50  Overlord  
  30  2:52  Drone  
  30  2:53  Drone  
  32  3:02  Drone  
  33  3:13  Queen  
  33  3:14  Drone x3  
  33  3:15  Drone  
  33  3:16  Drone  
  33  3:19  Metabolic Boost  
  40  3:26  Drone x3  
  43  3:37  Drone  
  44  3:41  Drone  
  44  3:43  Drone x3  
  44  3:45  Extractor  
  47  3:48  Baneling Nest  
  47  3:50  Drone x4  
  47  3:51  Evolution Chamber  
  49  4:04  Drone x3  
  49  4:05  Overlord x2  
  49  4:08  Lair  
  52  4:26  Zerg Melee Weapons Level 1  
  52  4:29  Queen x2  
  56  4:42  Zergling x14  
  56  4:43  Zergling x6  
  66  4:50  Spore Crawler  
  66  4:51  Spore Crawler  
  66  4:52  Spore Crawler  
  63  5:04  Overlord  
  63  5:05  Overlord  
  64  5:07  Drone x3  
  64  5:09  Overlord x4  
  65  5:28  Overseer  
  65  5:31  Baneling x2  
  65  5:32  Baneling x3  
  60  5:48  Centrifugal Hooks  
  60  5:54  Drone x5  
  65  5:58  Hatchery  
  65  5:59  Zergling x8  
  65  6:02  Overseer  
  68  6:06  Hatchery  
  66  6:20  Zerg Melee Weapons Level 2  
  66  6:23  Evolution Chamber  
  66  6:25  Zergling x10  
  66  6:26  Zergling x6  
  73  6:46  Hydralisk Den  
  72  6:49  Drone x3  
  72  6:50  Extractor x2  
  72  6:51  Drone x3  
  76  6:57  Baneling x3  
  76  6:59  Zergling x8  
  80  7:11  Baneling  
  80  7:12  Baneling x9  
  80  7:17  Zergling x8  
  67  7:47  Zergling x22  
  75  7:52  Drone x4  
  75  7:54  Zerg Missile Weapons Level 1  
  75  7:56  Muscular Augments  
  73  8:15  Hydralisk x9  
  91  8:24  Spine Crawler  
  91  8:25  Spine Crawler  
  91  8:26  Spore Crawler  
  88  8:29  Spine Crawler  
  88  8:30  Drone x5  
  88  8:31  Drone x2, Spine Crawler  
  93  8:37  Hydralisk x4  
  101  8:54  Zergling x20  
  111  8:58  Baneling x5  
  111  8:59  Baneling  
  111  9:17  Hatchery  
  105  9:41  Zergling x4  
  105  9:42  Zergling x10  
  81  10:13  Hydralisk x13, Zergling x12  
  92  10:30  Zerg Missile Weapons Level 2  
  92  10:31  Zerg Ground Armor Level 1  
  92  10:33  Hydralisk x4  
  100  10:37  Overseer  
  100  10:51  Hydralisk x3  
  100  10:52  Zergling x8  
  101  11:18  Hydralisk x6  
  82  11:19  Zergling x10  
  84  11:38  Hydralisk x4  
  84  11:39  Hydralisk  
  94  11:43  Drone x5  
  99  11:53  Zergling x12  
  105  11:56  Pneumatized Carapace  
  101  12:16  Hydralisk x3  
  101  12:17  Hydralisk  
  105  12:39  Overlord  
  105  12:40  Overlord x5  
Show
View Real Time Build Order
Export as new Build Order

Cartouche Protoss 

Build Orders: 1 Gate Expand, Zealot Archon, Archon Drop, Dark Templar Rush 

Get SALT Encoding   

  12  0:00  Probe  
  13  0:12  Probe  
  14  0:19  Pylon  
  14  0:24  Probe  
  15  0:33  Probe  
  15  0:41  Probe  
  16  0:44  Gateway  
  16  0:47  Assimilator  
  17  0:52  Probe  
  18  1:04  Probe  
  19  1:16  Probe  
  20  1:26  Nexus  
  20  1:35  Probe  
  20  1:36  Cybernetics Core  
  21  1:43  Probe, Assimilator  
  22  1:53  Probe  
  22  1:54  Pylon  
  23  2:04  Stalker  
  23  2:12  Probe  
  26  2:26  Warp Gate  
  26  2:33  Twilight Council  
  26  2:38  Gateway  
  26  2:40  Probe x2  
  28  2:50  Robotics Facility  
  28  2:55  Adept  
  30  3:02  Pylon  
  30  3:08  Probe x2  
  32  3:16  Probe x2  
  32  3:26  Probe x2  
  36  3:38  Probe  
  37  3:44  Dark Shrine  
  37  3:46  Pylon, Probe  
  37  3:49  Warp Prism  
  37  3:50  Probe  
  37  3:54  Probe  
  41  3:57  Assimilator  
  41  4:02  Probe  
  43  4:04  Probe  
  44  4:10  Gateway  
  44  4:11  Gateway  
  44  4:14  Probe  
  45  4:18  Gateway  
  45  4:22  Adept  
  47  4:32  Adept  
  49  4:52  Pylon, Nexus  
  49  4:54  Pylon  
  49  5:07  Pylon  
  49  5:10  Forge  
  49  5:12  Dark Templar x2  
  49  5:13  Dark Templar  
  55  5:18  Dark Templar  
  57  5:37  Probe x2  
  57  5:38  Immortal  
  57  5:40  Charge  
  63  5:46  Shield Battery x2  
  63  5:49  Probe x2  
  65  6:03  Probe x2  
  67  6:10  Pylon  
  67  6:12  Archon x2  
  67  6:17  Immortal  
  69  6:24  Probe x2  
  69  6:25  Dark Templar x3  
  75  6:27  Probe  
  75  6:32  Probe x2  
  78  6:34  Gateway  
  78  6:38  Archon  
  78  6:39  Probe  
  81  6:44  Pylon  
  81  6:47  Immortal  
  81  6:50  Protoss Ground Weapons Level 1  
  81  6:52  Zealot x2  
  89  7:05  Pylon  
  89  7:08  Gateway  
  89  7:11  Gateway x2, Probe  
  89  7:15  Gateway  
  90  7:16  Zealot  
  90  7:21  Observer  
  92  7:24  Probe x3  
  96  7:33  Stalker x3  
  96  7:35  Stalker  
  103  7:49  Zealot  
  97  8:07  Photon Cannon  
  97  8:10  Photon Cannon  
  97  8:12  Photon Cannon  
  97  8:14  Photon Cannon  
  97  8:18  Gateway  
  97  8:20  Gateway  
  97  8:22  Gateway  
  97  8:30  Pylon  
  97  8:33  Pylon  
  97  8:36  Pylon  
  97  8:48  Gateway  
  97  8:53  Pylon  
  97  8:55  Dark Templar x2  
  101  9:02  Archon  
  101  9:07  Zealot x4  
  109  9:21  Pylon  
  109  9:27  Dark Templar x3  
  111  9:37  Dark Templar  
  84  9:51  Zealot x2  
  84  9:52  Zealot x2  
  67  10:13  Assimilator  
  67  10:17  Assimilator  
  67  10:21  Gateway  
  67  10:23  Pylon  
  63  10:29  Probe x2  
  63  10:34  Nexus  
  61  10:41  Probe x2  
  63  10:47  Pylon  
  63  10:53  Probe  
  63  10:54  Pylon  
  63  10:55  Pylon  
  62  11:02  Pylon  
  35  11:25  Zealot  
  35  11:26  Zealot x4  
  35  11:27  Zealot  
  41  11:38  Probe  
  41  11:39  Probe  
  43  11:46  Probe  
  43  11:48  Probe  
  43  11:51  Probe  
  46  11:54  Probe  
  46  12:00  Probe  
  48  12:03  Probe  
  48  12:05  Pylon  
  43  12:11  Zealot  
  43  12:12  Zealot x2  
  47  12:16  Probe  
  47  12:19  Zealot x2  
  47  12:20  Zealot  
  51  12:36  Adept x3  
  51  12:37  Adept  
  51  12:43  Zealot  
  51  12:44  Zealot  
  38  12:52  Zealot  
  38  12:53  Zealot  
Tags
 
Add a new tag
Caveats
  • Supply blocks, unpowered buildings, or Contaminate may cause inaccurate times.
  • Supply counts are checked every 10 seconds.